 Dungeon Crawl Stone Soup version 0.31.0-11-ge490571c62 (webtiles) character file.

Game seed: 13479026696223054138

85 GloriousHammer the Grasshopper (level 4, -2/36 HPs)
             Began as an Armataur Warper on Feb 3, 2024.
             Slain by an orc
             ... wielding a +0 trident of venom
              (8 damage)
             ... on level 3 of the Dungeon.
             The game lasted 00:03:18 (1623 turns).

GloriousHammer the Grasshopper (Armataur Warper)    Turns: 1623, Time: 00:03:18

Health: -2/36      AC:  4    Str: 18    XL:     4   Next: 25%
Magic:  7/7        EV:  9    Int: 14    God:
Gold:   111        SH:  0    Dex:  9    Spells: 5/7 levels left

rFire   . . .        a - +0 mace
rCold   . . .        (no shield)
rNeg    . . .        b - +0 leather armour
rPois   .            (no helmet)
rElec   .            (no cloak)
rCorr   .            (no gloves)
SInv    .            (no barding)
Will    +....        (no amulet)
Stlth   +            (no ring)
HPRegen 0.26/turn    (no ring)
MPRegen 0.43/turn

%: roll
@: brilliant, enlightened, flying, hasted, very quick
A: large, deformed body, tough skin 3, armoured tail, roll 1
a: no special abilities


You were on level 3 of the Dungeon.
You visited 1 branch of the dungeon, and saw 3 of its levels.

You collected 111 gold pieces.

Inventory:

Hand Weapons
 a - a +0 mace (weapon)
Missiles
 d - 7 darts of dispersal (quivered)
 e - a throwing net
Armour
 b - a +0 leather armour (worn)
Scrolls
 c - 2 scrolls of blinking
 f - 2 scrolls of teleportation {unknown}
 g - 2 scrolls of identify {unknown}
 k - a scroll of vulnerability {unknown}
 l - a scroll of poison {unknown}
Potions
 h - 2 potions of enlightenment
 m - a potion of brilliance


   Skills:
 - Level 1.7 Fighting
 * Level 3.2 Maces & Flails
 - Level 0.8 Throwing
 - Level 1.2 Armour
 - Level 1.3 Dodging
 + Level 2.4 Spellcasting
 + Level 3.5 Translocations


You had 5 spell levels left.
You knew the following spells:

 Your Spells              Type           Power      Damage    Failure   Level
a - Blink                 Tloc           34%        N/A       10%         2

Your spell library contained the following spells:

 Spells                   Type           Power      Damage    Failure   Level
 Lesser Beckoning         Tloc           34%        N/A       10%         2
 Teleport Other           Tloc           17%        N/A       19%         3
 Manifold Assault         Tloc           17%        N/A       52%         4
 Vhi's Electric Charge    Tloc/Air       20%        N/A       78%         4


Dungeon Overview and Level Annotations

Branches:
Dungeon (3/15)

Altars:

Shops:
D:1 [

Annotations:
D:1 exclusion: downstairs
D:2 Sigmund


Innate Abilities, Weirdness & Mutations

Armour fits poorly on your strangely shaped body.
You have extremely tough skin. (AC +3)
You have a long armoured tail.
You regenerate magic when rolling toward enemies. (Rampage MPRegen)


Message History

The adder barely misses you. The adder bites you.
You are poisoned.
The adder poisons you!
You barely miss the adder.
The adder is heavily wounded.
You feel very sick.
The adder bites you but does no damage. x2
You sock the adder!
You kill the adder!
You feel sick.
You feel sick.
A goblin comes into view. It is wielding a +0 club.
You feel sick.
The goblin shouts!
You hear an angry hiss.
Unknown command.
A goblin is nearby!
You roll towards the goblin!
A frilled lizard comes into view.
You feel sick.
The frilled lizard hisses angrily.
There are monsters nearby!
You roll towards the goblin!
You closely miss the goblin.
You feel sick.
You are no longer poisoned.
The goblin completely misses you.
You hit the goblin.
You kill the goblin!
You roll towards the frilled lizard!
You barely miss the frilled lizard. You tail-slap the frilled lizard.
You kill the frilled lizard!
Found a lumpy brown potion and a lumpy puce potion.
You see here a frilled lizard corpse.
Found a stone staircase leading down.
A frilled lizard comes into view.
You see here a lumpy brown potion.
m - 2 lumpy brown potions (gained 1)
The frilled lizard bites you but does no damage.
You barely miss the frilled lizard. The frilled lizard bites you.
You barely miss the frilled lizard.
The frilled lizard bites you but does no damage.
You hit the frilled lizard.
You kill the frilled lizard!
A ball python comes into view.
The ball python hisses angrily.
You hear an angry hiss.
You see here a frilled lizard corpse.
A frilled lizard and an orc come into view.
The frilled lizard hisses angrily.
The orc shouts!
An orc comes into view. It is wielding a +0 flail.
An orc comes into view. It is wielding a +0 whip.
An orc comes into view. It is wielding a +0 trident of venom.
You closely miss the ball python.
The orc shouts! x3; You hear a shout! x3
An endoplasm comes into view.
The ball python bites you. The frilled lizard bites you.
The endoplasm moves out of view.
You closely miss the frilled lizard. Your punch misses the frilled lizard.
The ball python barely misses you. The frilled lizard barely misses you.
You closely miss the frilled lizard.
The ball python bites you but does no damage.
The frilled lizard closely misses you. The ball python closely misses you.
You roll towards the orc!
You hit the orc but do no damage.
The frilled lizard attacks as it pursues you!
The frilled lizard bites you. The orc hits you with a +0 hand axe.
The ball python bites you.
The orc hits you from afar with a +0 trident of venom.
You are poisoned.
You feel very sick. The ball python barely misses you.
The frilled lizard barely misses you.
You feel sick. The orc attacks as it pursues you!
The orc hits you from afar with a +0 trident of venom.
You are lethally poisoned!
The frilled lizard barely misses you. The ball python completely misses you.
Okay, then.
Press: ? - help, v - describe, . - travel
Here: an orc, wielding a +0 trident of venom and wearing a +0 leather armour The floor, spattered with blood.
It was a potion of enlightenment.
You feel very buoyant.
You fly up into the air.
* * * LOW HITPOINT WARNING * * *
You feel very sick.
The frilled lizard completely misses you.
The orc hits you but does no damage.
The ball python bites you but does no damage.
It was a potion of brilliance.
You feel clever all of a sudden.
* * * LOW HITPOINT WARNING * * *
You feel very sick. The frilled lizard closely misses you.
The orc closely misses you. The ball python closely misses you.
It was a potion of haste.
You feel yourself speed up.
* * * LOW HITPOINT WARNING * * *
You feel very sick.
The ball python bites you but does no damage.
The frilled lizard completely misses you.
The orc misses you.
It was a potion of curing.
You feel better. The ball python closely misses you.
The frilled lizard bites you.
* * * LOW HITPOINT WARNING * * *
The orc hits you from afar with a +0 trident of venom!
You die...

. .. ... .. ....##
.. ......### .#
#...o## #.#
#...oS###.# .
#...ol@...# ###.
#...o#†...# ...
#....#....# #.###+#
#....###..##......#
#....# #..........#
###### #....#...
#.>#†# . ####)# #.#


You could see 4 orcs, a ball python and a frilled lizard.

Vanquished Creatures
  A gnoll (D:1)
  2 adders
  A dart slug (D:1)
  2 endoplasms
  3 giant cockroaches (D:1)
  7 goblins
  3 hobgoblins
  6 jackals
  2 quokkas (D:1)
  5 ball pythons
  6 bats
  3 frilled lizards
  5 kobolds
  6 rats
52 creatures vanquished.

Notes
Turn   | Place    | Note
-------+----------+-------------------------------------------
     0 | D:1      | GloriousHammer the Armataur Warper began the quest for the
                  | Orb.
     0 | D:1      | Reached XP level 1. HP: 17/17 MP: 3/3
     1 | D:1      | Found Muwax's Antique Armour Emporium.
   244 | D:1      | Reached XP level 2. HP: 16/24 MP: 4/4
   665 | D:1      | Reached XP level 3. HP: 26/29 MP: 6/6
   956 | D:1      | Learned a level 2 spell: Blink
   983 | D:2      | Noticed Sigmund
  1414 | D:2      | Reached XP level 4. HP: 36/36 MP: 7/7
  1622 | D:3      | HP: 1/36 [poisoned by an orc]
  1623 | D:3      | Slain by an orc

Illustrated notes

Levels and vault maps discovered:
D:1:      dpeg_arrival_windows_large_door, layout_loops_corners, serial_shops,
          shop
D:2:      layout_loops_ring, uniq_sigmund
D:3:      layout_basic, dk_vineyard_1, amcnicky_mini_corridor_feature,
          chequers_serial_rivers_micro_d, uniq_terence, uniq_robin

Skill      XL: |  1  2  3 |
---------------+----------+-----
Maces & Flails | 2 3 |  3.2
Spellcasting   | 2 |  2.4
Fighting       | |  1.7
Throwing       | |  0.8
Armour         | |  1.2
Dodging        | |  1.3
Translocations | |  3.5

Action                     |  1- 3 |  4- 6 || total
---------------------------+-------+-------++-------
  Melee: Mace              |   109 |    33 ||   142
         Tailslap          |     9 |     5 ||    14
    Use: Potion            |       |     4 ||     4
 Armour: Leather armour    |    96 |    62 ||   158
  Dodge: Dodged            |    55 |    50 ||   105
